 Dungeon Crawl Stone Soup version 0.29.0-4-gdea44cf6ec (webtiles) character file.

Game seed: 9824633789057884670

168 qw the Chopper (level 5, -3/30 HPs)
             Began as a Tengu Warper on Aug 29, 2022.
             Slain by a gnoll sergeant
             ... wielding a +0 spear
              (5 damage)
             ... on level 3 of the Dungeon.
             The game lasted 00:00:15 (2846 turns).

qw the Chopper (Tengu Warper)                       Turns: 2846, Time: 00:00:16

Health: -3/30      AC:  9    Str: 13    XL:     5   Next: 49%
Magic:  9/9        EV: 11    Int: 13    God:
Gold:   76         SH:  0    Dex: 14    Spells: 8/8 levels left

rFire   . . .      SeeInvis .   Y - +1 hand axe
rCold   . . .      Faith    .   (no shield)
rNeg    . . .      Spirit   .   k - +0 chain mail
rPois   .          Reflect  .   (helmet restricted)
rElec   .          Harm     .   (no cloak)
rCorr   .          Rampage  .   a - +0 pair of gloves {Stlth+}
Will    .....                   (boots unavailable)
Stlth   ..........              (no amulet)
HPRegen 0.10/turn               e - +4 ring of evasion
MPRegen 0.11/turn               (no ring)

@: flying quickly and evasively, quick
A: beak, talons 3, nimble flight
a: no special abilities


You were on level 3 of the Dungeon.
You visited 1 branch of the dungeon, and saw 3 of its levels.

You collected 76 gold pieces.


Innate Abilities, Weirdness & Mutations

You have a beak for a mouth.
You have claws for feet.
Your magical nature lets you fly swiftly and evasively.


   Skills:
 - Level 2.0 Fighting
 + Level 5.8 Axes
 - Level 1.0 Throwing
 - Level 2.0 Armour
 - Level 2.1 Dodging
 - Level 2.0 Spellcasting
 - Level 2.4 Translocations


You had 8 spell levels left.
You didn't know any spells.
Your spell library contained the following spells:

 Spells                   Type           Power      Damage    Failure   Level
 Blink                    Tloc           14%        N/A       99%         2
 Gell's Gravitas          Tloc           7%         N/A       100%        3
 Lesser Beckoning         Tloc           7%         N/A       100%        3
 Teleport Other           Tloc           7%         N/A       100%        3
 Manifold Assault         Tloc           7%         N/A       100%        5

Inventory:

Hand Weapons
 f - a +0 whip of holy wrath
 Y - a +1 hand axe (weapon)
Armour
 a - a +0 pair of gloves of stealth (worn)
 d - a +0 cloak
 k - a +0 chain mail (worn)
Jewellery
 e - a +4 ring of evasion (left hand)
 h - a ring of ice
Scrolls
 b - a scroll of poison {unknown}
 g - 2 scrolls of butterflies {unknown}
 j - a scroll of identify {unknown}
Potions
 c - a potion of ambrosia {unknown}
 i - a potion of heal wounds {unknown}
 l - a potion of invisibility {unknown}
 m - a potion of mutation {unknown}
 n - 3 potions of curing {unknown}

Dungeon Overview and Level Annotations

Branches:
Dungeon (3/15)

Altars:

Shops:
D:1 [


Message History

The gnoll sergeant hits you with a +0 spear.
You hit the gnoll sergeant. You claw the gnoll sergeant.
Your peck misses the gnoll sergeant.
The gnoll sergeant is lightly wounded.
The gnoll sergeant hits you with a +0 spear!
You hit the gnoll sergeant. You claw the gnoll sergeant.
The gnoll sergeant is moderately wounded.
You hit the endoplasm.
You kill the endoplasm!
The gnoll sergeant hits you but does no damage.
The gnoll sergeant blocks your attack. x2
The gnoll sergeant is moderately wounded.
The gnoll sergeant hits you with a +0 spear.
You hit the gnoll sergeant.
You claw the gnoll sergeant, but do no damage.
You peck the gnoll sergeant, but do no damage.
The gnoll sergeant is moderately wounded.
You closely miss the kobold.
The gnoll sergeant hits you with a +0 spear.
The kobold hits you but does no damage.
You barely miss the gnoll sergeant.
You claw the gnoll sergeant, but do no damage.
The gnoll sergeant is moderately wounded.
You hit the kobold but do no damage.
The gnoll sergeant completely misses you.
The kobold hits you but does no damage.
You hit the gnoll sergeant.
The gnoll sergeant is moderately wounded.
You closely miss the hobgoblin. You barely miss the kobold.
The hobgoblin hits you but does no damage.
The gnoll sergeant hits you with a +0 spear!
The kobold barely misses you. The gnoll sergeant blocks your attack.
Your peck misses the gnoll sergeant.
The gnoll sergeant is moderately wounded.
You hit the kobold.
You kill the kobold!
You barely miss the gnoll. You barely miss the hobgoblin.
The gnoll hits you but does no damage.
The gnoll sergeant hits you with a +0 spear.
You die...

.........# .........#
.........# .........#
.........# .......#
#.gg.# #.)@.#
######### #.g.##
#........ ######
###.# #........
#....# #.# #........
#.##.# ###.#
#........
#####.##.#####.#.####
#........
......##.....#.#....#
#........
############.#....#.#
#........ ....#.#
#.#.#.##.# #........


You could see a gnoll sergeant, a gnoll and a hobgoblin.

Vanquished Creatures
  An iguana (D:3)
  2 gnolls (D:3)
  6 adders
  A dart slug (D:2)
  A worm (D:2)
  4 orcs (D:3)
  8 endoplasms
  5 giant cockroaches
  3 goblins
  6 hobgoblins
  4 jackals (D:1)
  4 ball pythons
  5 bats
  3 frilled lizards
  5 kobolds
  4 rats
62 creatures vanquished.

Notes
Turn   | Place    | Note
-------+----------+-------------------------------------------
     0 | D:1      | qw the Tengu Warper began the quest for the Orb.
     0 | D:1      | Reached XP level 1. HP: 12/12 MP: 4/4
     0 | D:1      | 0 ||| qw: Version: 0.1-a-89-g26bdef1
     0 | D:1      | 0 ||| qw: Game counter: 3558
     0 | D:1      | 0 ||| qw: Always use a shield: true
     0 | D:1      | 0 ||| qw: God list: Okawaru
     0 | D:1      | 0 ||| qw: Allow faded altars: false
     0 | D:1      | 0 ||| qw: Do Orc after D:15 true
     0 | D:1      | 0 ||| qw: Do second Lair branch before Depths: true
     0 | D:1      | 0 ||| qw: Lair rune preference: random
     0 | D:1      | 0 ||| qw: Plans: Normal
     0 | D:1      | 0 ||| PLANNING D:1-11
    33 | D:1      | Found a faded altar of an unknown god.
   317 | D:1      | Reached skill level 3 in Axes
   317 | D:1      | Reached XP level 2. HP: 17/17 MP: 6/6
   594 | D:1      | Found Olonleas's Antique Armour Shop.
   604 | D:1      | 604 ||| Stepping ~*~*~tactically~*~*~ (stealth).
   606 | D:1      | 606 ||| Stepping ~*~*~tactically~*~*~ (stealth).
   607 | D:1      | 607 ||| Stepping ~*~*~tactically~*~*~ (stealth).
   641 | D:1      | 641 ||| SHOPLISTING cloak (85 gold, have 3).
   641 | D:1      | 641 ||| SHOPLISTING kite shield (85 gold, have 3).
   757 | D:1      | 757 ||| UPGRADING to +0 ring mail.
   767 | D:1      | 767 ||| DROPPING +0 leather armour.
   768 | D:1      | 768 ||| UPGRADING to +0 chain mail.
   778 | D:1      | 778 ||| DROPPING +0 ring mail.
   779 | D:1      | 779 ||| DROPPING amulet of magic regeneration.
   780 | D:1      | 780 ||| READING scroll labelled GAODYT PIOTAMO.
   780 | D:1      | Identified a scroll of acquirement
   780 | D:1      | 780 ||| ACQUIRING +0 pair of gloves of stealth
   780 | D:1      | Acquired a +0 pair of gloves of stealth
   782 | D:1      | 782 ||| UPGRADING to +0 pair of gloves of stealth.
   787 | D:1      | 787 ||| READING scroll labelled SIUTUEC LYZA.
   788 | D:1      | 788 ||| READING scroll labelled HETUSU WUOX.
   789 | D:1      | 789 ||| READING scroll labelled PUOX ACADO.
   792 | D:1      | 792 ||| READING scroll labelled WEONEI TENYA.
   793 | D:1      | 793 ||| DRINKING 2 viscous clear potions.
   794 | D:1      | 794 ||| DROPPING scroll of blinking.
   795 | D:1      | 795 ||| DROPPING potion of flight.
   813 | D:2      | 813 ||| STAIRDANCE
   908 | D:2      | Reached XP level 3. HP: 7/21 MP: 7/7
   909 | D:2      | HP: 5/21 [poisoned by an adder]
  1187 | D:2      | Identified the +0 leather armour "Ejydango" {Str+3}
  1200 | D:2      | Reached skill level 4 in Axes
  1216 | D:2      | 1216 ||| Stepping ~*~*~tactically~*~*~ (stealth).
  1757 | D:2      | 1757 ||| Stepping ~*~*~tactically~*~*~ (stealth).
  1791 | D:2      | Reached XP level 4. HP: 26/26 MP: 8/8
  2214 | D:2      | 2214 ||| UPGRADING to +4 ring of evasion.
  2215 | D:2      | 2215 ||| READING scroll labelled ROXKUE FONEE.
  2216 | D:2      | 2216 ||| DRINKING 2 glowing red potions.
  2261 | D:2      | 2261 ||| DROPPING potion of lignification.
  2321 | D:3      | Reached skill level 5 in Axes
  2374 | D:3      | 2374 ||| Stepping ~*~*~tactically~*~*~ (stealth).
  2375 | D:3      | 2375 ||| Stepping ~*~*~tactically~*~*~ (stealth).
  2383 | D:3      | 2383 ||| DROPPING +0 club.
  2512 | D:3      | Gained mutation: Your magical nature lets you fly swiftly
                  | and evasively. [Tengu growth]
  2512 | D:3      | Reached XP level 5. HP: 30/30 MP: 9/9
  2845 | D:3      | HP: 2/30 [gnoll sergeant/+0 spear (9)]
  2846 | D:3      | Slain by a gnoll sergeant

Levels and vault maps discovered:
D:1:      minmay_arrival_doors, layout_loops_ring, serial_shops,
          nicolae_shop_advertising_works [nicolae_subvault_shop_adworks],
          hellmonk_ecumenical_altar_crossroads,
          amcnicky_mini_rare_corridor_liquid, minmay_close_crescents
D:2:      layout_loops_corners
D:3:      layout_basic

Skill      XL: |  1  2  3  4 |
---------------+-------------+-----
Axes           | 3 4 5 |  5.8
Armour         | 2 |  2.0
Fighting       | |  2.0
Throwing       | |  1.0
Dodging        | |  2.1
Spellcasting   | |  2.0
Translocations | |  2.4

Action                   |  1- 3 |  4- 6 || total
-------------------------+-------+-------++-------
Melee: Hand axe          |    76 |    66 ||   142
       Kick              |    14 |    15 ||    29
       Peck              |    14 |    12 ||    26
       Punch             |       |     2 ||     2
Throw: Boomerang         |     7 |       ||     7
  Use: Scroll            |     5 |     1 ||     6
       Potion            |     1 |     1 ||     2
Armor: Leather armour    |     4 |       ||     4
       Chain mail        |    29 |    24 ||    53
Dodge: Dodged            |    21 |    27 ||    48

Table legend:
 A = Non-vault XP
 B = Vault XP
 C = Vault XP percentage of total XP
 D = Non-vault monster count
 E = Vault monster count
 F = Vault count percentage of total count
                 A         B        C        D         E       F
            +---------+---------+-------+---------+---------+-------
      Total |     239 |       4 |   1.6 |      59 |       3 |   4.8
            +---------+---------+-------+---------+---------+-------
        D:1 |      20 |       4 |  16.7 |      12 |       3 |  20.0
        D:2 |      66 |       0 |   0.0 |      24 |       0 |   0.0
        D:3 |     153 |       0 |   0.0 |      23 |       0 |   0.0
            +---------+---------+-------+---------+---------+-------
